cohdb
Replays
Latest Replays
All Replays
Popular Replays
Top Player Replays
Match Explorer
How It Works
Community
CoH3 Stats
Reddit
Sign in to upload your games and track your stats! →
Sign in with Steam
Match 42880204
Unlisted
Match 42880204
Overview
Messages
Build Orders
End
Selects Airborne Battlegroup
Selects Heavy Machine Gun Paradrop
Engineer Squad
Heavy Machine Gun Paradrop
Construct Barracks
Riflemen Squad
Heavy Machine Gun Paradrop
Selects Paratrooper Squad Paradrop
Paratrooper Squad Paradrop
Infantry Support Center
Engineer Squad
Grenade Package
Paratrooper Squad Paradrop
MightySwift
[gaylordbangers]Faden
BigTiddyLebron
kreumat
0
0
Comments
sign in to comment!
No comments posted yet!